 Dungeon Crawl Stone Soup version 0.22-a0-558-gc224181 (webtiles) character file.

254 pk666 the Magician (level 5, 0/28 HPs)
             Began as a Deep Elf Wizard on June 26, 2018.
             Slain by an adder (3 damage)
             ... on level 2 of the Dungeon.
             The game lasted 00:05:09 (2582 turns).

pk666 the Magician (Deep Elf Wizard)                Turns: 2582, Time: 00:05:10

Health: 0/28       AC:  3    Str:  4    XL:     5   Next: 90%
Magic:  10/16      EV: 13    Int: 24    God:
Gold:   48         SH:  0    Dex: 13    Spells: 9/18 levels left

rFire    . . .     SeeInvis .   (no weapon)
rCold    . . .     Gourm    .   (no shield)
rNeg     . . .     Faith    .   a - +0 robe
rPois    .         Spirit   .   b - +0 hat
rElec    .         Reflect  .   n - +0 cloak
rCorr    .         Harm     .   (no gloves)
MR       .....                  (no boots)
Stlth    ++........             (no amulet)
HPRegen  0.09/turn              (no ring)
MPRegen  0.15/turn              (no ring)

@: lethally poisoned (0 -> -3)
A: no striking features
a: no special abilities


You were on level 2 of the Dungeon.
You were hungry.

You visited 1 branch of the dungeon, and saw 3 of its levels.

You collected 48 gold pieces.

Inventory:

Armour
 a - a +0 robe (worn)
 b - a +0 hat (worn)
 n - a +0 cloak (worn)
Scrolls
 c - a scroll of amnesia {unknown}
 f - 3 scrolls of identify {unknown}
 g - a scroll of immolation {unknown}
 i - 2 scrolls of remove curse {unknown}
 k - a scroll of fog {unknown}
 l - a scroll of enchant weapon {unknown}
Potions
 e - a potion of agility {unknown}
 h - a potion of berserk rage {unknown}
 j - 4 potions of curing {unknown}
 m - a potion of might {unknown}
Comestibles
 d - a ration


   Skills:
 - Level 2.4 Dodging
 - Level 2.4 Stealth
 + Level 7.0 Spellcasting
 + Level 4.5 Conjurations
   Level 1.1 Summonings
 - Level 1.1 Translocations
 + Level 0.6 Fire Magic


You had 9 spell levels left.
You knew the following spells:

 Your Spells              Type           Power        Failure   Level  Hunger
a - Magic Dart            Conj           ####         1%          1    None
b - Blink                 Tloc           N/A          7%          2    None
c - Conjure Flame         Conj/Fire      ###.....     8%          3    None
d - Mephitic Cloud        Conj/Pois/Air  ###.....     12%         3    None

Your spell library contained the following spells:

 Spells                   Type           Power        Failure   Level  Hunger
 Slow                     Hex            #.......     11%         2    None
 Call Imp                 Summ           ##......     7%          2    None


Dungeon Overview and Level Annotations

Branches:
Dungeon (3/15)

Altars:


Message History

Aiming: Magic Dart (safe; 1% risk of failure)
Press: ? - help, Shift-Dir - straight line, f/p - adder
Aim: an adder (lightly wounded)
The magic dart hits the adder.
The adder is moderately wounded.
The adder bites you.
* * * LOW HITPOINT WARNING * * *
The orc wizard hits you with a dagger.
* * * LOW HITPOINT WARNING * * *
The adder closely misses you.
Casting: Magic Dart (safe; 1% risk of failure)
Confirm with . or Enter, or press ? or * to list all spells.
Aiming: Magic Dart (safe; 1% risk of failure)
Press: ? - help, Shift-Dir - straight line, f/p - adder
Aim: an adder (moderately wounded)
The magic dart hits the adder.
The adder is severely wounded.
* * * LOW HITPOINT WARNING * * *
You feel sick. The orc wizard closely misses you. The adder bites you.
You die...

..#...[..#..##.....##.##
..#.(....#..##.###.##.#
..#......#..##.# #.##.#
###......#..##.###.##.#
###......#..##........#######
##'..................[......#
###......#..##.######.####.##
###............### #.# #.#
...............S@# #.# #.#
##......##..##[#o# #.# #.#
#......##..##.#.# #.####.#
####...##..##.#.# ###.##.#
#...##..####.######.##.# ##
###.##............#.##.# )#
#'.....................# .#
##................#.##.# .#
#'.........#.###..#.##.#


You could see an orc wizard and an adder.

Vanquished Creatures
  Sigmund (D:2)
  Crazy Yiuf (D:2)
  3 adders (D:2)
  3 dart slugs (D:1)
  A leopard gecko (D:2)
  An orc (D:3)
  A ball python (D:1)
  A giant cockroach (D:1)
  5 goblins (D:1)
  6 hobgoblins
  4 jackals (D:2)
  4 bats
  A frilled lizard (D:2)
  3 kobolds (D:1)
  4 rats
  A fungus (D:2)
40 creatures vanquished.

Notes
Turn   | Place    | Note
-------+----------+-------------------------------------------
     0 | D:1      | pk666 the Deep Elf Wizard began the quest for the Orb.
     0 | D:1      | Reached XP level 1. HP: 10/10 MP: 7/7
    19 | D:1      | You fall through a shaft!
   226 | D:1      | Reached XP level 2. HP: 15/15 MP: 2/9
   439 | D:1      | Reached skill level 5 in Spellcasting
   799 | D:1      | Reached XP level 3. HP: 19/19 MP: 9/11
  1430 | D:2      | Found a faded altar of an unknown god.
  1483 | D:2      | Noticed Sigmund
  1812 | D:2      | Reached XP level 4. HP: 24/24 MP: 7/13
  1857 | D:2      | Learned a level 2 spell: Blink
  1861 | D:2      | Learned a level 3 spell: Conjure Flame
  1865 | D:2      | Learned a level 3 spell: Mephitic Cloud
  1931 | D:2      | Killed Sigmund
  1931 | D:2      | Reached skill level 6 in Spellcasting
  1931 | D:2      | Reached XP level 5. HP: 5/28 MP: 1/16
  2472 | D:2      | Found a runed door.
  2476 | D:2      | Noticed Crazy Yiuf
  2484 | D:2      | Killed Crazy Yiuf
  2484 | D:2      | Reached skill level 7 in Spellcasting
  2582 | D:2      | Slain by an adder

Vault maps used:
D:1:      eino_arrival_water_cross, minmay_pentomino_s2
D:2:      chequers_ecumenical_altar_island, uniq_crazy_yiuf_cottage,
          uniq_sigmund
D:3:      gammafunk_wand_slinger, ebering_ghost_xom

Skill      XL: |  1  2  3  4  5 |
---------------+----------------+-----
Conjurations   | 2 3 4 |  4.5
Spellcasting   | 5 6 7 |  7.0
Dodging        | |  2.4
Stealth        | |  2.4
Summonings     | |  1.1
Translocations | |  1.1
Fire Magic     | |  0.6

Action                   |  1- 3 |  4- 6 || total
-------------------------+-------+-------++-------
Melee: Unarmed           |       |    63 ||    63
 Cast: Magic Dart        |    92 |    27 ||   119
       Conjure Flame     |       |     2 ||     2
  Eat: Chunk             |     1 |       ||     1
       Ration            |       |     1 ||     1
Armor: Robe              |     3 |       ||     3
Dodge: Dodged            |     6 |     8 ||    14

Table legend:
 A = Spawn XP
 B = Non-spawn XP
 C = Spawn XP percentage of total XP
 D = Spawn monster count
 E = Non-spawn monster count
 F = Spawn count percentage of total count
 G = Total turns spent on level
                    A         B        C        D         E        F      G
               +---------+---------+-------+---------+---------+-------+---------
         Total |       0 |     363 |   0.0 |       0 |      39 |   0.0 |  2582
               +---------+---------+-------+---------+---------+-------+---------
           D:1 |       0 |      37 |   0.0 |       0 |      20 |   0.0 |  1174
           D:2 |       0 |     323 |   0.0 |       0 |      18 |   0.0 |  1403
           D:3 |       0 |       3 |   0.0 |       0 |       1 |   0.0 |     5
               +---------+---------+-------+---------+---------+-------+---------
